 Dungeon Sprint DCSS version 0.27-a0-277-g024f7ef292 (webtiles) character file.

Game seed: 6326567304886426835

1624 mhtbhm the Protected (level 8, -1/123 HPs)
             Began as a Minotaur Fighter on Feb 6, 2021.
             Was a High Priest of Trog.
             Succumbed to poison (poison gas)
             ... in the Dungeon (Sprint VII: "The Pits").
             The game lasted 00:02:19 (1170 turns).

mhtbhm the Protected (Minotaur Fighter)             Turns: 1170, Time: 00:02:19

Health: -1/123     AC: 16    Str: 23    XL:     8   Next: 65%
Magic:  0/7        EV: 12    Int:  8    God:    Trog [*****.]
Gold:   0          SH: 12    Dex: 10    Spells: 7/7 levels left

rFire    . . .     SeeInvis .   a - +1 broad axe (flame)
rCold    . . .     Faith    .   c - +0 kite shield
rNeg     . . .     Spirit   .   b - +4 chain mail
rPois    .         Reflect  .   (helmet restricted)
rElec    .         Harm     .   (no cloak)
rCorr    .         Rampage  .   (no gloves)
Will     .....     NoTele   +   (no boots)
Stlth    ..........             (no amulet)
HPRegen  0.30/turn              n - +3 ring of evasion
MPRegen  0.10/turn              o - +3 ring of intelligence

@: berserking (expiring), lethally poisoned (-1 -> -122), very quick
A: retaliatory headbutt, horns 2
a: Renounce Religion, Berserk, Trog's Hand, Brothers in Arms


You were in the Dungeon.
You worshipped Trog.
Trog was extremely pleased with you.
You visited 1 branch

Inventory:

Hand Weapons
 a - a +1 broad axe of flaming (weapon)
Armour
 b - a +4 chain mail (worn)
 c - a +0 kite shield (worn)
Jewellery
 n - a +3 ring of evasion (left hand)
 o - a +3 ring of intelligence (right hand)
Scrolls
 j - a scroll of blinking
 l - 3 scrolls of remove curse
 m - a scroll of summoning
Potions
 d - 2 potions of might
 e - 11 potions of curing
 f - 10 potions of heal wounds
 g - a potion of haste
 h - 4 potions of magic
 i - 3 potions of berserk rage
 k - 2 potions of invisibility
 p - a potion of mutation


   Skills:
 + Level 11.3 Fighting
 + Level 11.9 Axes
 + Level 12.6 Armour
 + Level 4.1 Dodging
 + Level 0.3 Stealth
 + Level 10.8 Shields


You had 7 spell levels left.
You didn't know any spells.
Your spell library was empty.

Dungeon Overview and Level Annotations

Branches:
Dungeon (1/1)

Altars:
Cheibriados
Dithmenos
Elyvilon
Fedhas
Gozag
Hepliaklqana
Makhleb
Nemelex Xobeh
Okawaru
Qazlal
Ru
Sif Muna
Trog
Vehumet
Wu Jian
Xom
Yredelemnul
Zin
The Shining One
Beogh
Jiyva
Lugonu


Innate Abilities, Weirdness & Mutations

You reflexively headbutt those who attack you in melee.
You have a pair of horns on your head.


Message History

You hit the eye of draining. You burn the eye of draining.
The eye of draining is heavily wounded.
You are engulfed in poison gas.
You are more poisoned.
* * * LOW HITPOINT WARNING * * *
You feel extremely sick.
You slice the eye of draining!! You burn the eye of draining!
You kill the eye of draining!
Trog accepts your kill.
You are engulfed in poison gas.
You are more poisoned.
* * * LOW HITPOINT WARNING * * *
x2 You feel extremely sick.
* * * LOW HITPOINT WARNING * * *
You feel extremely sick.
You feel a strong urge to attack something.
* * * LOW HITPOINT WARNING * * *
You feel very sick.
There is a huge open gate here.
You die...

#########++##########
................##..#
......#..#......##..#
................@'..#
................''..#######
......#..#......##.°°......
................##..°..°...
###'#####++################
.......# .......# .......#
...<...#


There were no monsters in sight!

Vanquished Creatures
  A swamp dragon (D)
  A guardian mummy (D)
  A flying skull (D)
  A steam dragon (D)
  3 floating eyes (D)
  An eye of draining (D)
  3 wights (D)
  A jelly (D)
  A worker ant (D)
  A river rat (D)
  An adder (D)
  2 oozes (D)
  A worm (D)
  A leopard gecko (D)
  A bat zombie (D)
  2 hobgoblins (D)
  A frilled lizard (D)
  A giant cockroach zombie (D)
  2 goblins (D)
26 creatures vanquished.

Notes
Turn   | Place    | Note
-------+----------+-------------------------------------------
     0 | D        | mhtbhm the Minotaur Fighter began the quest for the Orb.
     0 | D        | Reached XP level 1. HP: 19/19 MP: 0/0
    18 | D        | Reached skill level 4 in Armour
    18 | D        | Reached XP level 2. HP: 18/28 MP: 1/1
   210 | D        | Found a bloodstained altar of Trog.
   210 | D        | Found a shimmering blue altar of Sif Muna.
   210 | D        | Found a viscous altar of Jiyva.
   210 | D        | Found a hazy altar of Hepliaklqana.
   210 | D        | Found an opulent altar of Gozag.
   211 | D        | Found a glowing golden altar of the Shining One.
   211 | D        | Found a glowing silver altar of Zin.
   211 | D        | Found a basalt altar of Yredelemnul.
   211 | D        | Found a shimmering altar of Xom.
   211 | D        | Found an ornate altar of the Wu Jian Council.
   211 | D        | Found a sacrificial altar of Ru.
   211 | D        | Found a stormy altar of Qazlal.
   211 | D        | Found an iron altar of Okawaru.
   211 | D        | Found a sparkling altar of Nemelex Xobeh.
   211 | D        | Found a burning altar of Makhleb.
   211 | D        | Found a blossoming altar of Fedhas.
   211 | D        | Found a white marble altar of Elyvilon.
   211 | D        | Found a shadowy altar of Dithmenos.
   211 | D        | Found a snail-covered altar of Cheibriados.
   213 | D        | Found a radiant altar of Vehumet.
   213 | D        | Found a corrupted altar of Lugonu.
   213 | D        | Found a roughly hewn altar of Beogh.
   215 | D        | Became a worshipper of Trog the Wrathful
   254 | D        | Reached skill level 5 in Armour
   264 | D        | Reached * piety under Trog
   272 | D        | Noticed a floating eye
   272 | D        | Noticed a floating eye
   276 | D        | Killed a floating eye
   276 | D        | Paralysed by a floating eye for 4 turns
   277 | D        | Reached skill level 7 in Armour
   277 | D        | Reached XP level 3. HP: 39/39 MP: 2/2
   277 | D        | Reached XP level 4. HP: 47/47 MP: 3/3
   281 | D        | Killed a floating eye
   281 | D        | Reached ** piety under Trog
   282 | D        | Reached skill level 5 in Axes
   282 | D        | Reached skill level 8 in Armour
   282 | D        | Reached skill level 1 in Dodging
   282 | D        | Reached XP level 5. HP: 55/55 MP: 4/4
   473 | D        | Reached *** piety under Trog
   474 | D        | Reached skill level 9 in Armour
   474 | D        | Reached XP level 6. HP: 59/62 MP: 5/5
   491 | D        | Reached **** piety under Trog
   495 | D        | Noticed a flying skull
   510 | D        | Killed a flying skull
   511 | D        | Reached skill level 10 in Armour
   698 | D        | Noticed a guardian mummy
   703 | D        | Killed a guardian mummy
   704 | D        | Reached skill level 10 in Fighting
   704 | D        | Reached skill level 11 in Armour
   704 | D        | Reached XP level 7. HP: 72/72 MP: 6/6
   752 | D        | Reached ***** piety under Trog
   753 | D        | Reached skill level 10 in Shields
   798 | D        | Noticed a steam dragon
   800 | D        | Paralysed by a floating eye for 2 turns
   808 | D        | Killed a steam dragon
   809 | D        | Reached skill level 10 in Axes
   809 | D        | Reached XP level 8. HP: 47/81 MP: 7/7
  1156 | D        | Noticed a swamp dragon
  1164 | D        | Killed a swamp dragon
  1165 | D        | Reached skill level 12 in Armour
  1169 | D        | HP: 4/123 [poison (poison gas)]
  1170 | D        | Succumbed to poison (poison gas)

Illustrated notes

Levels and vault maps discovered:
D:        pitsprint [storerooms_1, entrance_room_1, metal_vault_7, armoury_3,
          mini_pit_1, grid_room_1, main_hall_1, silver_pit, the_coven_1,
          the_vestibule_1, steel_vault_1, golden_pit, hallway_of_sentries,
          crystal_vault_4, iron_vault_2, final_vault]

Skill      XL: |  1  2  3  4  5  6  7  8 |
---------------+-------------------------+-----
Fighting       | 4 7 8 10 11 | 11.3
Armour         | 4 7 8 9 11 12 | 12.6
Shields        | 4 6 8 9 10 | 10.8
Axes           | 4 5 8 10 11 | 11.9
Dodging        | 1 2 3 4 |  4.1
Stealth        | |  0.3

Action                   |  1- 3 |  4- 6 |  7- 9 || total
-------------------------+-------+-------+-------++-------
Melee: War axe           |     5 |       |       ||     5
       Hand axe          |     8 |    37 |    18 ||    63
       Headbutt          |     2 |     3 |     6 ||    11
       Broad axe         |       |       |     7 ||     7
Invok: Berserk           |     1 |     1 |     2 ||     4
Armor: Scale mail        |     5 |       |       ||     5
       Chain mail        |       |     8 |     7 ||    15
Dodge: Dodged            |     4 |     7 |     1 ||    12
Block: Kite shield       |     5 |    13 |     9 ||    27

Table legend: (Time is in decaauts)
 A = Elapsed time spent in this place.
 B = Non-inter-level travel time spent in this place.
 C = Inter-level travel time spent in this place.
 D = Time resting spent in this place.
 E = Time spent auto-exploring this place.
 F = Levels seen in this place.
 G = Mean time per level.
                   A        B        C        D        E       F      G
               +--------+--------+--------+--------+--------+-----+--------+
         Total |   1203 |   1203 |      0 |    826 |     31 |   1 | 1203.0 |
       Dungeon |   1203 |   1203 |      0 |    826 |     31 |   1 | 1203.0 |
               +--------+--------+--------+--------+--------+-----+--------+

Top non-repeatable levels by time:
       D: 1203 daAuts
